 Dungeon Crawl Stone Soup version 0.29.1-13-g9f3cf754e1 (webtiles) character file.

Game seed: 9624563526766975481

5292 cdecastro the Severer (level 10, -18/93 HPs)
             Began as a Hill Orc Fighter on Feb 7, 2023.
             Was a Priest of Beogh.
             Demolished by an orc warlord
             ... wielding a +2 broad axe
              (24 damage)
             ... in a bailey.
             The game lasted 00:17:00 (10196 turns).

cdecastro the Severer (Hill Orc Fighter)           Turns: 10196, Time: 00:17:00

Health: -18/93     AC: 15    Str: 24    XL:     10   Next: 63%
Magic:  10/10      EV:  7    Int:  8    God:    Beogh [***...]
Gold:   451        SH:  0    Dex: 10    Spells: 9/9 levels left

rFire   + . .      SeeInvis .   u - +2 war axe (drain)
rCold   + . .      Faith    .   (no shield)
rNeg    . . .      Spirit   .   v - +0 plate armour
rPois   .          Reflect  .   j - +0 helmet
rElec   .          Harm     .   t - scarf {rC+ rF+}
rCorr   +          Rampage  .   K - +0 pair of gloves
Will    .....                   (no boots)
Stlth   ..........              (no amulet)
HPRegen 0.25/turn               L - ring of resist corrosion
MPRegen 0.12/turn               (no ring)

@: mighty, invisible
A: no striking features
a: Renounce Religion, Smiting


You were in a bailey.
You worshipped Beogh.
Beogh was most pleased with you.
You visited 2 branches of the dungeon, and saw 10 of its levels.
You also visited: Sewer and Bailey.

You collected 451 gold pieces.

Inventory:

Hand Weapons
 u - a +2 war axe of draining (weapon)
 X - a +0 battleaxe
Missiles
 f - 18 poisoned darts (quivered)
 r - 22 boomerangs
 F - 2 curare-tipped darts
Armour
 b - a +0 scale mail
 c - a +0 buckler
 j - a +0 helmet (worn)
 t - a scarf of resistance (worn)
 v - a +0 plate armour (worn)
 H - a +1 chain mail of cold resistance
 K - a +0 pair of gloves (worn)
Jewellery
 L - a ring of resist corrosion (left hand)
Wands
 l - a wand of flame (26)
 z - a wand of acid (8)
 J - a wand of mindburst (21)
 W - a wand of paralysis (12)
Scrolls
 a - a scroll of torment {unknown}
 e - 2 scrolls of enchant armour {unknown}
 h - a scroll of vulnerability {unknown}
 i - 4 scrolls of identify
 k - a scroll of fear {unknown}
 o - a scroll of teleportation {unknown}
 p - 4 scrolls of amnesia {unknown}
 q - a scroll of poison {unknown}
 s - 2 scrolls of immolation {unknown}
 w - 2 scrolls of summoning {unknown}
 x - a scroll of enchant weapon {unknown}
 E - a scroll of brand weapon {unknown}
 I - a scroll of magic mapping {unknown}
 O - 3 scrolls of fog {unknown}
 Q - a scroll of noise {unknown}
Potions
 d - 3 potions of might
 g - a potion of mutation
 m - 6 potions of flight
 n - 2 potions of magic
 A - 2 potions of invisibility
 D - 4 potions of cancellation
 M - a potion of brilliance {unknown}
 N - a potion of attraction {unknown}
 P - a potion of lignification {unknown}
 T - a potion of resistance {unknown}
 V - 2 potions of heal wounds {unknown}


   Skills:
 - Level 10.0 Fighting
 - Level 16.0 Axes
 + Level 6.5 Armour
 - Level 3.2 Shields


You had 9 spell levels left.
You didn't know any spells.
Your spell library contained the following spells:

 Spells                   Type           Power      Damage    Failure   Level
 Slow                     Hex            0%         N/A       99%         1
 Confusing Touch          Hex            0%         N/A       100%        3
 Frozen Ramparts          Ice            0%         1d1       100%        3
 Gell's Gravitas          Tloc           0%         N/A       100%        3
 Teleport Other           Tloc           0%         N/A       100%        3
 Vampiric Draining        Necr           0%         2d6       100%        3
 Ice Form                 Ice/Tmut       0%         N/A       100%        4
 Summon Ice Beast         Ice/Summ       0%         N/A       100%        4
 Dispersal                Tloc           0%         N/A       100%        6


Dungeon Overview and Level Annotations

Branches:
Dungeon (9/15)             Temple (1/1) D:7           Sewer (visited)
 Bailey (1/1)
   Lair: D:8-11         Orc: D:9-12

Altars:
Ashenzari
Cheibriados
Dithmenos
Elyvilon
Fedhas
Gozag
Hepliaklqana
Kikubaaqudgha
Makhleb
Nemelex Xobeh
Okawaru
Qazlal
Ru
Sif Muna
Trog
Uskayaw
Vehumet
Wu Jian
Xom
Yredelemnul
Zin
The Shining One
Beogh

Annotations:
D:7 3 runed translucent doors, iambehindu's ghost, novice MiBe


Message History

You feel very mighty all of a sudden.
Unknown command.
You open the gate.
Unknown command.
You hit the orc warlord but do no damage.
The orc warlord hits you with a +2 broad axe!!
The orc warlord hits your orc warrior with a +2 broad axe!
The orc warlord hits your orc with a +2 broad axe!
Your orc dies!
The orc warlord barely misses your orc.
Your orc hits the orc warlord with a +0 hand axe.
Your orc warrior barely misses the orc warlord.
You slice the orc warlord!!
The orc warlord is moderately wounded.
The orc warlord hits you with a +2 broad axe!!
* * * LOW HITPOINT WARNING * * *
The orc warlord hits your orc warrior with a +2 broad axe!!
Your orc warrior dies!
The orc warlord hits your orc with a +2 broad axe!!
Your orc dies!
The orc warlord hits your orc with a +2 broad axe!!
Your orc dies!
You slash the orc warlord!
The orc warlord is moderately wounded.
Unknown command.
You hit the orc warlord but do no damage.
The orc warlord is moderately wounded.
The orc warlord hits you with a +2 broad axe!
* * * LOW HITPOINT WARNING * * *
Unknown command.
You hit the orc warlord. You drain the orc warlord.
The orc warlord is heavily wounded.
The orc warlord hits you with a +2 broad axe!!
* * * LOW HITPOINT WARNING * * *
Unknown command.
You hit the orc warlord.
The orc warlord is heavily wounded.
The orc warlord hits you with a +2 broad axe!!
You die...
Beogh appreciates the orc warlord's killing of a heretic priest.

♣∩...~~~.#~....∩....~#.~~~...∩♣
♣...~~~.#~.........~#.~~~...♣♣
♣...~~~.#~~.8...8.~~#.~~~...♣
♣♣..###'###.......###'###..♣♣
♣.##....#~.8...8.~#....##.♣
♣##.....#~~~~~~~~~#.....##♣
##......####~~~####).....##
#...8......#)o)#....).8...#
#...........)@.)..).......#
#.........................#
##..8..8...........8..8..##
##.......#######.......##
##.....## ##.....## ##...##
##...## ##### #####


You could see an orc warlord (unable to see you, drained).

Vanquished Creatures
  Pikel (D:8)
  2 hornets
  Prince Ribbit (D:6)
  Sigmund (D:2)
  3 steam dragons
  Edmund (D:6)
  Duvessa (D:5)
  4 ice beasts
  An orc warrior (Bailey)
  3 sky beasts
  2 black bears
  The ghost of flickminster the Ruffian, an amateur DrTm (D:3)
  2 ogres (D:6)
  A centaur (D:7)
  A lemure (D:8)
  2 phantoms
  4 kobold brigands (Sewer)
  3 gnoll sergeants
  2 bullfrogs
  3 scorpions
  5 wights (D:8)
  Dowan (D:5)
  A howler monkey (D:4)
  4 hounds
  An orc priest (D:7)
  A gnoll bouda (D:8)
  An iguana (D:7)
  3 jellies
  5 orc wizards
  Robin (D:2)
  18 gnolls
  17 adders
  2 river rats (D:6)
  A white imp (D:7)
  2 ufetubi
  11 worms
  3 dart slugs
  27 orcs
  3 bats
  7 endoplasms
  3 giant cockroaches
  13 goblins
  8 hobgoblins
  7 jackals
  4 quokkas
  8 ball pythons
  5 frilled lizards (D:1)
  15 kobolds
  13 rats
229 creatures vanquished.

Vanquished Creatures (collateral kills)
  An orc warrior (Bailey)
  An orc (D:8)
  4 goblins
  3 kobolds (Bailey)
9 creatures vanquished.

Vanquished Creatures (others)
  An orc warrior (Bailey)
  An orc priest (D:4)
  6 orcs
  6 plants (D:3)
14 creatures vanquished.

Grand Total: 252 creatures vanquished

Notes
Turn   | Place    | Note
-------+----------+-------------------------------------------
     0 | D:1      | cdecastro the Hill Orc Fighter began the quest for the Orb.
     0 | D:1      | Reached XP level 1. HP: 19/19 MP: 1/1
    42 | D:1      | Reached skill level 3 in Axes
   117 | D:1      | Reached XP level 2. HP: 21/26 MP: 2/2
   301 | D:1      | Reached skill level 4 in Axes
   409 | D:1      | Reached XP level 3. HP: 31/31 MP: 3/3
   448 | D:1      | Reached skill level 5 in Axes
   563 | D:1      | Found a faded altar of an unknown god.
  1033 | D:2      | Noticed Robin
  1035 | D:2      | Reached XP level 4. HP: 35/39 MP: 4/4
  1042 | D:2      | Killed Robin
  1307 | D:2      | Noticed Sigmund
  1317 | D:2      | Killed Sigmund
  1318 | D:2      | Reached skill level 8 in Axes
  1318 | D:2      | Reached XP level 5. HP: 25/45 MP: 5/5
  1318 | D:2      | Reached XP level 6. HP: 29/51 MP: 6/6
  2860 | D:3      | Found a large runed translucent door.
  2860 | D:3      | Found a large runed translucent door.
  2864 | D:3      | Noticed flickminster's ghost (amateur DrTm)
  3093 | D:3      | Killed flickminster's ghost
  3094 | D:3      | Reached skill level 9 in Axes
  3221 | D:4      | Reached XP level 7. HP: 50/57 MP: 7/7
  3229 | D:4      | Reached skill level 10 in Axes
  3483 | D:4      | Became a worshipper of Beogh the Brigand
  3573 | D:4      | Reached skill level 5 in Fighting
  3909 | D:5      | Entered Level 5 of the Dungeon
  4016 | D:5      | Noticed Duvessa
  4019 | D:5      | Noticed Dowan
  4024 | D:5      | Killed Duvessa
  4025 | D:5      | Reached XP level 8. HP: 54/71 MP: 8/8
  4046 | D:5      | Killed Dowan
  4662 | D:5      | Reached * piety under Beogh
  4942 | D:6      | Found a glowing drain.
  4950 | Sewer    | Entered a sewer
  5493 | Sewer    | Reached skill level 10 in Fighting
  5796 | D:6      | Reached XP level 9. HP: 76/85 MP: 9/9
  5797 | D:6      | Reached ** piety under Beogh
  5974 | D:6      | Reached skill level 11 in Axes
  5995 | D:6      | Noticed Prince Ribbit
  6014 | D:6      | Killed Prince Ribbit
  6173 | D:6      | Noticed Edmund
  6188 | D:6      | Killed Edmund
  6189 | D:6      | Reached skill level 12 in Axes
  6604 | D:6      | Reached skill level 13 in Axes
  7279 | D:7      | Noticed a hornet
  7285 | D:7      | Paralysed by a hornet for 1 turns
  7290 | D:7      | Killed a hornet
  7623 | D:7      | Reached skill level 14 in Axes
  7796 | D:7      | Found a bloodstained altar of Trog.
  7796 | D:7      | Found an opulent altar of Gozag.
  7845 | D:7      | Found a staircase to the Ecumenical Temple.
  7858 | Temple   | Entered the Ecumenical Temple
  8091 | D:7      | Identified the +0 pair of gloves of Powna {rCorr Int-3
                  | Dex+3 SInv}
  8150 | D:7      | Reached XP level 10. HP: 87/93 MP: 10/10
  8186 | D:7      | Reached skill level 15 in Axes
  8408 | D:7      | Found a runed translucent gate.
  8408 | D:7      | Found a runed translucent gate.
  8408 | D:7      | Found a runed translucent gate.
  8411 | D:7      | Noticed iambehindu's ghost (novice MiBe)
  8412 | D:7      | Identified the +9 plate armour of Pathos {rPois}
  8518 | D:7      | Identified the +6 ring mail of Salvation {rPois rC- rN+
                  | Int+6}
  8522 | D:7      | Found a roughly hewn altar of Beogh.
  8732 | D:8      | Reached *** piety under Beogh
  8733 | D:8      | Reached skill level 16 in Axes
  9367 | D:8      | Noticed Pikel
  9382 | D:8      | Killed Pikel
  9910 | D:9      | Found a flagged portal.
  9944 | Bailey   | Entered a bailey
  9965 | Bailey   | Noticed an orc warlord
 10059 | Bailey   | Found a runed translucent gate.
 10059 | Bailey   | Found a runed translucent gate.
 10059 | Bailey   | Found a runed translucent gate.
 10196 | Bailey   | Demolished by an orc warlord

Illustrated notes

Levels and vault maps discovered:
D:1:      minmay_arrival_up_and_down, layout_basic,
          chequers_ecumenical_altar_island
D:2:      layout_loops_ring, hangedman_abyss_or_decor_lesser_grid,
          minmay_tripent, uniq_robin, uniq_sigmund
D:3:      layout_loops_corners, ebering_ghost_disaster_area, serial_bayou_pond_a
D:4:      layout_rooms, hex_large
D:5:      layout_loops_ring, uniq_duvessa
D:6:      layout_basic, lightli_sewer_entry_pipes, uniq_edmund,
          uniq_prince_ribbit1
D:7:      layout_cave_pools, gammafunk_temple_overflow_wave, temple_green,
          biasface_ghost_orc_armoury, hangedman_abyss_or_decor_passed
D:8:      layout_rooms, uniq_pikel
D:9:      layout_long_grid, enter_bailey_5
Temple:   nicolae_temple_bog_church
Bailey:   bailey_axe_bossmonster_kennysheep, bailey

Skill      XL: |  1  2  3  4  5  6  7  8  9 10 |
---------------+-------------------------------+-----
Axes           | 3 4 5 8 9 10 14 16 | 16.0
Fighting       | 6 10 | 10.0
Armour         | 6 |  6.5
Shields        | |  3.2

Action                   |  1- 3 |  4- 6 |  7- 9 | 10-12 || total
-------------------------+-------+-------+-------+-------++-------
Melee: War axe           |    82 |   107 |   375 |   131 ||   695
       Punch             |     1 |     1 |     5 |       ||     7
Invok: Convert to Beogh  |       |       |     1 |       ||     1
  Use: Potion            |       |     1 |       |     2 ||     3
       Scroll            |       |       |     6 |       ||     6
Armor: Scale mail        |    50 |    54 |   105 |       ||   209
       Plate armour      |       |       |    50 |    74 ||   124
Dodge: Dodged            |    59 |    44 |   118 |    29 ||   250
